 Dungeon Crawl Stone Soup version 0.27.1-3-gb3d3a73c9e (webtiles) character file.

Game seed: 8718701561341341755

776 MajorAdolf the Sneak (level 7, 0/61 HPs)
             Began as a Naga Wanderer on Oct 14, 2021.
             Slain by a hornet zombie (2 damage)
             ... on level 5 of the Dungeon.
             The game lasted 00:11:18 (7994 turns).

MajorAdolf the Sneak (Naga Wanderer)                Turns: 7994, Time: 00:11:18

Health: 0/61       AC:  3    Str: 15    XL:     7   Next: 84%
Magic:  3/12       EV:  9    Int: 15    God:
Gold:   130        SH:  0    Dex:  9    Spells: 5/13 levels left

rFire    . . .     SeeInvis +   j - +1 dagger (holy)
rCold    . . .     Faith    .   (no shield)
rNeg     . . .     Spirit   .   c - +0 robe
rPois    +         Reflect  .   (no helmet)
rElec    .         Harm     .   (no cloak)
rCorr    .         Rampage  .   (no gloves)
Will     .....                  (no barding)
Stlth    ++........             (no amulet)
HPRegen  0.20/turn              (no ring)
MPRegen  0.13/turn              (no ring)

@: very slightly contaminated, very slow
A: AC +2, large, see invisible, deformed body, poison resistance, slowness 2,
spit poison 1, naga tail 1
a: Spit Poison


You were on level 5 of the Dungeon.
You visited 1 branch of the dungeon, and saw 5 of its levels.

You collected 130 gold pieces.

Inventory:

Hand Weapons
 h - a +0 long sword
 j - a +1 dagger of holy wrath (weapon)
Armour
 c - a +0 robe (worn)
 k - a +2 pair of gloves of archery
Scrolls
 a - 2 scrolls of identify {unknown}
 d - 2 scrolls of teleportation
 o - a scroll of enchant weapon {unknown}
Potions
 f - 2 potions of heal wounds {unknown}
 g - a potion of resistance {unknown}
 i - 3 potions of curing {unknown}
 l - 3 potions of attraction {unknown}
 m - a potion of berserk rage {unknown}
 n - a potion of haste
Miscellaneous
 b - a piece from Xom's chessboard (15/15)


   Skills:
 + Level 2.5 Fighting
 - Level 1.7 Bows
 + Level 3.9 Stealth
 + Level 3.7 Spellcasting
 + Level 3.3 Conjurations
 + Level 3.4 Summonings
 + Level 2.3 Translocations
 - Level 1.0 Ice Magic
 + Level 2.2 Earth Magic
 + Level 3.4 Evocations


You had 5 spell levels left.
You knew the following spells:

 Your Spells              Type           Power      Damage    Failure   Level
a - Magic Dart            Conj           48%        1d5       4%          1
b - Call Imp              Summ           13%        N/A       7%          2
c - Blink                 Tloc           N/A        N/A       11%         2
d - Stone Arrow           Conj/Erth      22%        3d8       17%         3

Your spell library contained the following spells:

 Spells                   Type           Power      Damage    Failure   Level
 Slow                     Hex            2%         N/A       28%         2
 Conjure Flame            Conj/Fire      7%         6-21      28%         3
 Mephitic Cloud           Conj/Pois/Air  6%         N/A       34%         3
 Ozocubu's Armour         Ice            5%         N/A       36%         3
 Bolt of Magma            Conj/Fire/Erth 4%         4d5       94%         5
 Ozocubu's Refrigeration  Ice            2%         4d5       100%        7
 Shatter                  Erth           4%         3d8*      100%        9


Dungeon Overview and Level Annotations

Branches:
Dungeon (5/15)
 Temple: D:4-7

Altars:
Kikubaaqudgha
Ru
Xom
Yredelemnul

Annotations:
D:3 1 runed translucent door, exclusion: water moccasin, othur's ghost, amateur GrFi
D:4 exclusion: ogre


Innate Abilities, Weirdness & Mutations

Your serpentine skin is tough. (AC +2)
You have supernaturally acute eyesight. (SInv)
Armour fits poorly on your strangely shaped body.
Your system is resistant to poisons. (rPois)
You cover ground very slowly.
You can spit poison.
You have a snake-like lower body.


Message History

Your white imp freezes the steam dragon.
The steam dragon bites you.
* * * LOW HITPOINT WARNING * * *
The steam dragon barely misses you.
Your crimson imp hits the steam dragon but does no damage.
Your white imp gestures at the steam dragon.
The puff of frost hits the steam dragon!
Okay, then.
A hornet zombie comes into view.
Your crimson imp barely misses the steam dragon.
The steam dragon bites your white imp!
Your white imp dies!
The steam dragon hisses angrily.
You can't do that yet.
Aiming: Magic Dart (safe; 4% risk of failure)
Press: ? - help, Q - select action, (/) - cycle Shift-Dir - straight line, f/p - steam dragon
Aim: a steam dragon (almost dead, ally target, 100% to hit)
Okay, then.
Casting: Magic Dart (safe; 4% risk of failure)
Confirm with . or Enter, or press ? or * to list all spells.
Okay, then.
Casting: Magic Dart (safe; 4% risk of failure)
Confirm with . or Enter, or press ? or * to list all spells.
Okay, then.
Okay, then.
Okay, then.
You have got your breath back.
Your crimson imp hits the steam dragon.
The steam dragon dies!
The steam dragon scales are intact enough to wear.
Unknown command.
Your crimson imp barely misses the hornet zombie.
Things that are here:
+0 steam dragon scales; a steam dragon corpse The hornet zombie hits you!
* * * LOW HITPOINT WARNING * * *
Your crimson imp blinks!
There is a stone staircase leading up, spattered with blood here.
The hornet zombie barely misses you. The hornet zombie hits you.
You die...

#...........
#...........
#.5.........
#...........
#...........
#...........
#..§........
#.Z.........
#@[.........
#..............
#..............
#.....(........
#..............
#..............
#..............
#..............
#...÷§.<.......


You could see a hornet zombie (ally target) and a friendly crimson imp
(summoned).

Vanquished Creatures
  A necrophage (D:3)
  A water moccasin zombie (D:4)
  2 scorpions (D:4)
  A water moccasin skeleton (D:4)
  2 hounds
  A centaur skeleton (D:4)
  4 gnolls
  6 adders
  2 worms (D:4)
  2 dart slugs
  2 orcs (D:3)
  5 ball pythons
  3 bats
  9 endoplasms
  5 giant cockroaches
  7 goblins
  11 hobgoblins
  9 jackals
  4 quokkas
  2 frilled lizards (D:1)
  11 kobolds
  3 rats
93 creatures vanquished.

Vanquished Creatures (collateral kills)
  A steam dragon (D:5)
  An ogre (D:5)
  A centaur (D:5)
  A gnoll (D:4)
  2 orcs (D:3)
6 creatures vanquished.

Grand Total: 99 creatures vanquished

Notes
Turn   | Place    | Note
-------+----------+-------------------------------------------
     0 | D:1      | MajorAdolf the Naga Wanderer began the quest for the Orb.
     0 | D:1      | MajorAdolf set off with the following items: a +0 club, a
                  | piece from Xom's chessboard (15/15), a +0 robe, a scroll of
                  | teleportation; and the following spell memorised: Magic
                  | Dart; and the following spells available to memorise: Call
                  | Imp, Blink, Slow, Conjure Flame, Mephitic Cloud
     0 | D:1      | Reached XP level 1. HP: 18/18 MP: 3/3
   268 | D:1      | Reached skill level 1 in Conjurations
   268 | D:1      | Reached XP level 2. HP: 20/25 MP: 1/5
   502 | D:1      | Reached XP level 3. HP: 7/31 MP: 6/6
   740 | D:1      | Learned a level 2 spell: Call Imp
  1454 | D:1      | Learned a level 2 spell: Blink
  2352 | D:2      | Reached XP level 4. HP: 26/38 MP: 2/8
  2755 | D:2      | Found a faded altar of an unknown god.
  3360 | D:2      | Learned a level 3 spell: Stone Arrow
  3439 | D:3      | Reached skill level 1 in Stealth
  3949 | D:3      | Noticed a water moccasin
  3956 | D:3      | Found a basalt altar of Yredelemnul.
  4534 | D:3      | Reached XP level 5. HP: 41/44 MP: 2/9
  4680 | D:3      | Noticed a necrophage
  4694 | D:3      | Killed a necrophage
  4695 | D:3      | Reached skill level 1 in Translocations
  4851 | D:3      | Found a runed translucent door.
  5086 | D:3      | Noticed othur's ghost (amateur GrFi)
  5155 | D:4      | Noticed an ogre
  5240 | D:4      | Found an ancient bone altar of Kikubaaqudgha.
  5248 | D:4      | Found a sacrificial altar of Ru.
  5286 | D:4      | Reached skill level 1 in Earth Magic
  5534 | D:4      | Reached XP level 6. HP: 49/51 MP: 1/10
  6145 | D:4      | Found a shimmering altar of Xom.
  6367 | D:4      | Reached XP level 7. HP: 53/58 MP: 12/12
  7286 | D:5      | Entered Level 5 of the Dungeon
  7568 | D:5      | Noticed a steam dragon
  7990 | D:5      | Killed a steam dragon
  7993 | D:5      | HP: 2/61 [hornet zombie (10)]
  7994 | D:5      | Slain by a hornet zombie

Illustrated notes

Levels and vault maps discovered:
D:1:      dpeg_arrival_lava_temple_mockup, layout_loops_ring,
          kennysheep_crisscross
D:2:      layout_basic, ebering_ecumenical_altar_webs
D:3:      layout_basic, amcnicky_altar_gilded, ebering_ghost_reflecting_pool
D:4:      layout_gridville, nicolae_overflow_crystal_walls,
          nicolae_ru_the_path_less_chosen, mainiacjoe_overflow_catwalk,
          serial_bayou_pond_d
D:5:      layout_gridville, nicolae_ashenzari_skybound,
          ebering_ghost_rock_garden, dk_noncrumbling_3

Skill      XL: |  1  2  3  4  5  6  7 |
---------------+----------------------+-----
Conjurations   | 1 2 3 |  3.3
Stealth        | 1 2 3 |  3.9
Spellcasting   | 3 |  3.7
Translocations | 1 2 |  2.3
Earth Magic    | 1 2 |  2.2
Evocations     | 3 |  3.4
Summonings     | 3 |  3.4
Fighting       | 2 |  2.5
Bows           | |  1.7
Ice Magic      | |  1.0

Action                   |  1- 3 |  4- 6 |  7- 9 || total
-------------------------+-------+-------+-------++-------
Melee: Dagger            |    44 |    29 |       ||    73
       Long sword        |     3 |    11 |       ||    14
 Cast: Magic Dart        |    59 |   150 |    25 ||   234
       Call Imp          |       |     6 |     8 ||    14
       Stone Arrow       |       |       |     1 ||     1
 Abil: Spit Poison       |    23 |    14 |     8 ||    45
Evoke: Piece from Xom's  |     5 |       |       ||     5
 Stab: Petrified         |    11 |       |       ||    11
       Sleeping          |     1 |       |       ||     1
Armor: Robe              |    13 |    16 |     3 ||    32
Dodge: Dodged            |    41 |    45 |    22 ||   108
       Rpst.: Long sword |     4 |     6 |       ||    10
